AoeStats
← Xico10catl

Pilgrims

507207624Analyzed
4v4 RM · 16d ago on Sep 17, 2026· 36m 26s· 8 players
Game mode
Random Map
Map size
Large (8 player)
Population
200
Speed
Normal
Resources
Standard
Victory
Conquest
Starting age
Dark Age
Ending age
Imperial Age
RankedLock teamsTeams togetherTeam positionsShared explorationLock speedFull tech treeHidden civsTurbo modeCheats
Victory
Defeat
🇺🇸 Tupi · United States
1097
+15
🇲🇽 Malay · Mexico
1094
+15
🇨🇦 Khmer · Canada
1040
+17
🇨🇳 Vikings · China
934
+21
🇨🇳 Britons · China
1086
-18
🇺🇸 Spanish · United States
1054
-17
🇩🇪 Muisca · Germany
1054
-17
🇦🇺 Cumans · Australia
1048
-16
Xico10catl
4:23 Loom
12:17 Feudal Age
13:22 Town Watch
14:13 Wheelbarrow
13:50 Gold Mining
14:05 Double-Bit Axe
16:19 Horse Collar
20:59 Castle Age
21:59 Hand Cart
21:45 Town Patrol
22:05 Bow Saw
25:02 Scale Barding Armor
27:53 Forging
28:45 Chain Barding Armor
33:35 Iron Casting
Dr. Mantis Toboggan, MD
13:07 Loom
15:44 Feudal Age
22:14 Wheelbarrow
xygogo
10:19 Feudal Age
11:02 Double-Bit Axe
15:59 Castle Age
15:21 Gold Mining
15:57 Fletching
17:41 Bodkin Arrow
18:02 Husbandry
24:12 Bow Saw
23:44 Horse Collar
23:45 Crossbowman
25:01 Fishing Lines
26:02 Gold Shaft Mining
25:51 Heavy Plow
33:34 Imperial Age
31:42 Wheelbarrow
31:06 Stone Mining
33:09 Yeomen
SemperBlender
9:38 Loom
12:02 Feudal Age
12:33 Double-Bit Axe
13:45 Fletching
14:42 Wheelbarrow
14:06 Gold Mining
14:09 Stone Mining
18:20 Horse Collar
24:17 Castle Age
25:08 Bodkin Arrow
25:26 Medium Warships
26:28 Hand Cart
27:36 Town Watch
27:53 Fishing Lines
sakuzi
13:16 Feudal Age
11:34 Loom
13:19 Feudal Age
14:56 Town Watch
17:35 Castle Age
16:24 Fletching
19:13 Bodkin Arrow
19:53 Ballistics
31:09 Imperial Age
34:16 Curare
TigerKing
13:48 Feudal Age
22:34 Castle Age
21:13 Fletching
21:26 Double-Bit Axe
21:27 Horse Collar
23:25 Town Watch
23:54 Loom
24:53 Scale Barding Armor
24:58 Forging
24:34 Light Cavalry
26:01 Bloodlines
29:03 Husbandry
Dorek xD
11:57 Feudal Age
15:12 Wheelbarrow
18:57 Castle Age
17:04 Double-Bit Axe
19:36 Gold Mining
20:10 Medium Warships
26:11 Gold Shaft Mining
25:48 Horse Collar
26:52 Heavy Plow
29:24 Hand Cart
28:51 Pikeman
31:11 Bow Saw
31:38 Husbandry
38:17 Imperial Age
Manchuria lmuberjack
11:33 Feudal Age
11:20 Loom
17:24 Castle Age
17:04 Double-Bit Axe
Connection lost

Rejoining the realm…

Still unreachable

The connection could not be restored.

Session expired

The server has moved on; the page needs a fresh start.